AoeStats
← VIT Liereyy

Arabian Desert

509087069Analyzed
1v1 RM · 7d ago on Sep 25, 2026· 44m 46s· 2 players
Game mode
Random Map
Map size
Tiny (2 player)
Population
200
Speed
Normal
Resources
Standard
Victory
Conquest
Starting age
Dark Age
Ending age
Imperial Age
RankedLock teamsTeams togetherTeam positionsShared explorationLock speedFull tech treeHidden civsTurbo modeCheats
Victory
Defeat
🇦🇹 Shu · Austria
2932
+17
🇳🇴 Armenians · Norway
2961
-17
VIT Liereyy
7:04 Loom
7:07 Loom
9:50 Feudal Age
10:17 Double-Bit Axe
12:09 Fletching
13:10 Horse Collar
14:14 Padded Archer Armor
20:31 Castle Age
20:24 Gold Mining
20:32 Elite Skirmisher
21:07 Bodkin Arrow
20:48 Crossbowman
22:16 Bow Saw
22:47 Ballistics
23:44 Leather Archer Armor
28:47 Town Watch
29:44 Wheelbarrow
29:59 Thumb Ring
35:23 Imperial Age
34:51 Hand Cart
36:03 Bracer
37:04 Chemistry
36:27 Conscription
35:51 Arbalester
37:26 Scale Mail Armor
39:56 Siege Engineers
41:30 Chain Mail Armor
41:15 Squires
42:57 Heavy Plow
44:31 Plate Mail Armor
45:22 Forging
TAG_MbL_
6:04 Loom
8:51 Feudal Age
11:42 Double-Bit Axe
13:30 Horse Collar
16:06 Fletching
17:01 Padded Archer Armor
20:55 Castle Age
19:48 Padded Archer Armor
20:56 Elite Skirmisher
21:31 Bodkin Arrow
21:47 Bow Saw
22:49 Leather Archer Armor
24:10 Town Watch
25:40 Wheelbarrow
26:13 Scale Barding Armor
30:44 Sanctity
30:50 Ballistics
36:51 Imperial Age
36:25 Guard Tower
37:40 Bracer
39:23 Ring Archer Armor
42:03 Man-at-Arms
43:07 Stone Mining
42:45 Long Swordsman
43:10 Gambesons
44:22 Scale Mail Armor
44:14 Two-Handed Swordsman
45:06 Forging
Connection lost

Rejoining the realm…

Still unreachable

The connection could not be restored.

Session expired

The server has moved on; the page needs a fresh start.